 Dungeon Crawl Stone Soup version 0.28-a0-1128-gb845255321 (webtiles) character file.

Game seed: 16619878421128270844

392 Gargoyl the Skirmisher (level 6, 0/79 HPs)
             Began as a Gnoll Abyssal Knight on Dec 12, 2021.
             Was a Believer of Lugonu.
             Slain by a hobgoblin (2 damage)
             ... led by Robin
             ... on level 4 of the Dungeon.
             The game lasted 00:04:47 (4234 turns).

Gargoyl the Skirmisher (Gnoll Abyssal Knight)       Turns: 4234, Time: 00:04:48

Health: 0/79       AC: 12    Str: 14    XL:     6   Next: 81%
Magic:  8/8        EV:  7    Int:  9    God:    Lugonu [**....]
Gold:   244        SH:  0    Dex: 13    Spells: 9/9 levels left

rFire   . . .      SeeInvis .   a - +1 hand axe
rCold   . . .      Faith    .   (no shield)
rNeg    . . .      Spirit   .   e - +1 chain mail {rPois}
rPois   +          Reflect  .   c - +0 helmet
rElec   .          Harm     .   (no cloak)
rCorr   .          Rampage  .   (no gloves)
Will    .....                   (no boots)
Stlth   ..........              (no amulet)
HPRegen 0.23/turn               (no ring)
MPRegen 0.11/turn               (no ring)

@: berserking, very quick
A: fangs 1, strong nose, distributed training, low mp 1
a: Renounce Religion, Depart the Abyss, Bend Space


You were on level 4 of the Dungeon.
You worshipped Lugonu.
Lugonu was pleased with you.
You visited 1 branch of the dungeon, and saw 4 of its levels.
You visited the Abyss 1 time.

You collected 244 gold pieces.

Inventory:

Hand Weapons
 a - a +1 hand axe (weapon)
 l - a +0 war axe
Missiles
 b - 28 poisoned darts (quivered)
Armour
 c - a +0 helmet (worn)
 e - a +1 chain mail of poison resistance (worn)
Scrolls
 g - a scroll of teleportation
 j - 2 scrolls of fear {unknown}
Potions
 d - 2 potions of haste
 h - a potion of magic
 i - a potion of brilliance
 k - a potion of invisibility


   Skills:
 + Level 6.9 Fighting
 + Level 2.1 Short Blades
 + Level 2.1 Long Blades
 + Level 5.0 Axes
 + Level 2.1 Maces & Flails
 + Level 2.1 Polearms
 + Level 2.1 Staves
 + Level 2.1 Slings
 + Level 2.1 Bows
 + Level 2.1 Crossbows
 + Level 2.1 Throwing
 + Level 5.0 Armour
 + Level 3.3 Dodging
 + Level 2.1 Stealth
 + Level 2.1 Shields
 + Level 2.1 Unarmed Combat
 + Level 2.1 Spellcasting
 + Level 1.6 Conjurations
 + Level 1.6 Hexes
 + Level 1.6 Summonings
 + Level 1.6 Necromancy
 + Level 1.6 Translocations
 + Level 1.6 Transmutations
 + Level 1.6 Fire Magic
 + Level 1.6 Ice Magic
 + Level 1.6 Air Magic
 + Level 1.6 Earth Magic
 + Level 1.6 Poison Magic
 + Level 5.1 Invocations
 + Level 2.1 Evocations


You had 9 spell levels left.
You didn't know any spells.
Your spell library was empty.

Dungeon Overview and Level Annotations

Branches:
Dungeon (4/15)
 Temple: D:4-7

Altars:

Shops:
D:3 :

Annotations:
D:4 Natasha, Robin


Innate Abilities, Weirdness & Mutations

You have very sharp teeth.
Your uncanny sense of smell can sniff out nearby items.
Your experience applies equally to all skills.
Your magical capacity is low. (-10% MP)


Message History

Lugonu accepts your kill.
You hit the goblin.
You kill the goblin!
Lugonu accepts your kill.
You hit the hobgoblin.
You kill the hobgoblin!
Lugonu accepts your kill. Natasha claws you but does no damage.
The goblin hits you but does no damage.
You closely miss Natasha. Your bite misses Natasha. You hit the goblin.
You hit Robin. Robin hits you with a +6 club.
Natasha claws you but does no damage. The goblin closely misses you.
Unknown command.
You hit Natasha. Your bite misses Natasha.
Natasha is moderately wounded.
You closely miss the goblin. You hit Robin. Robin hits you with a +6 club.
Natasha claws you. The goblin hits you but does no damage.
Space warps around you.
* * * LOW HITPOINT WARNING * * *
Unknown command.
You hit Natasha.
Natasha is heavily wounded.
You hit Robin. You hit the goblin.
You kill the goblin!
Lugonu accepts your kill. Robin hits you with a +6 club.
* * * LOW HITPOINT WARNING * * *
Natasha drinks a potion.
Natasha is healed!
Your chain mail prevents you from hitting Natasha.
You hit the hobgoblin but do no damage. You closely miss Robin.
Robin completely misses you. The hobgoblin hits you.
* * * LOW HITPOINT WARNING * * *
Natasha claws you.
* * * LOW HITPOINT WARNING * * *
It was a potion of berserk rage.
A red film seems to cover your vision as you go berserk!
You feel yourself moving faster!
You feel mighty! Robin hits you with a +6 club!
* * * LOW HITPOINT WARNING * * *
The hobgoblin hits you.
You die...

#........##.# #...^.....#...
#####.##.##.#######....#....
#.........##..##...#...#
######.#.###....#...#...#
#........###..#.#...#...#
#.####...##..##.#.)#.#..#
##..##..#).#..#.#..#
#.)##..####..#.#..#
##@###..##..##.##..
#...ghg.#......#...#..
#....5..##....##...##.
#....>...##..##.....##
#.........####..#.#..#
#...........#..#####..
#...........#..#.#.#..
#...........#..#.#.#.. ∆
##...#...#


You could see Robin, Natasha, a shadow imp (summoned) and a hobgoblin (strong).

Vanquished Creatures
  A scorpion (D:4)
  A centaur zombie (D:4)
  A bullfrog skeleton (D:4)
  3 orc priests (D:3)
  5 adders
  4 gnolls (D:3)
  2 worms (D:4)
  A dart slug (D:2)
  6 orcs (D:3)
  4 bats
  5 endoplasms
  2 giant cockroaches
  15 goblins
  12 hobgoblins
  6 jackals
  A quokka (D:3)
  5 ball pythons
  2 frilled lizards (D:1)
  6 kobolds
  3 rats (D:3)
85 creatures vanquished.

Notes
Turn   | Place    | Note
-------+----------+-------------------------------------------
     0 | Abyss:1  | Gargoyl the Gnoll Abyssal Knight began the quest for the
                  | Orb.
     0 | Abyss:1  | Reached XP level 1. HP: 23/23 MP: 3/3
    65 | Abyss:1  | Found a corrupted altar of Lugonu.
   195 | Abyss:2  | Noticed an iron imp
   210 | Abyss:3  | Noticed a neqoxec
   213 | Abyss:3  | Gained mutation: Your magical capacity is low. (-10% MP) [a
                  | neqoxec]
   218 | Abyss:3  | Noticed a bone dragon
   220 | D:1      | Escaped the Abyss
   647 | D:1      | Reached XP level 2. HP: 22/29 MP: 4/4
  1032 | D:1      | Reached * piety under Lugonu
  1235 | D:1      | Found a faded altar of an unknown god.
  1241 | D:1      | Reached XP level 3. HP: 30/35 MP: 5/5
  1893 | D:2      | Reached skill level 1 in Short Blades
  1893 | D:2      | Reached skill level 1 in Long Blades
  1893 | D:2      | Reached skill level 1 in Maces & Flails
  1893 | D:2      | Reached skill level 1 in Polearms
  1893 | D:2      | Reached skill level 1 in Staves
  1893 | D:2      | Reached skill level 1 in Slings
  1893 | D:2      | Reached skill level 1 in Bows
  1893 | D:2      | Reached skill level 1 in Crossbows
  1893 | D:2      | Reached skill level 1 in Throwing
  1893 | D:2      | Reached skill level 1 in Stealth
  1893 | D:2      | Reached skill level 1 in Shields
  1893 | D:2      | Reached skill level 1 in Unarmed Combat
  1893 | D:2      | Reached skill level 1 in Spellcasting
  1893 | D:2      | Reached skill level 1 in Evocations
  1938 | D:2      | Reached XP level 4. HP: 16/41 MP: 6/6
  2457 | D:3      | Reached skill level 1 in Conjurations
  2457 | D:3      | Reached skill level 1 in Hexes
  2457 | D:3      | Reached skill level 1 in Summonings
  2457 | D:3      | Reached skill level 1 in Necromancy
  2457 | D:3      | Reached skill level 1 in Translocations
  2457 | D:3      | Reached skill level 1 in Transmutations
  2457 | D:3      | Reached skill level 1 in Fire Magic
  2457 | D:3      | Reached skill level 1 in Ice Magic
  2457 | D:3      | Reached skill level 1 in Air Magic
  2457 | D:3      | Reached skill level 1 in Earth Magic
  2457 | D:3      | Reached skill level 1 in Poison Magic
  2746 | D:3      | Reached XP level 5. HP: 45/47 MP: 7/7
  3048 | D:3      | Found Rorask's Book Emporium.
  3155 | D:3      | Reached skill level 5 in Invocations
  3162 | D:3      | Reached XP level 6. HP: 11/53 MP: 8/8
  3732 | D:4      | Reached skill level 5 in Axes
  3732 | D:4      | Reached skill level 5 in Armour
  4220 | D:4      | Noticed Robin
  4220 | D:4      | Noticed Natasha
  4224 | D:4      | Reached ** piety under Lugonu
  4234 | D:4      | HP: 2/79 [Robin (7)]
  4234 | D:4      | Slain by a hobgoblin

Illustrated notes

Levels and vault maps discovered:
D:1:      enne_arrival_octagon_isle, layout_basic,
          hellmonk_ecumenical_altar_dog_temple
D:2:      layout_loops_ring, serial_park_tiny_2
D:3:      layout_loops_ring, serial_shops, shop
D:4:      layout_basic, minmay_puff, uniq_ijyb, uniq_robin, uniq_natasha

Skill      XL: |  1  2  3  4  5  6 |
---------------+-------------------+-----
Short Blades   | 1 2 |  2.1
Long Blades    | 1 2 |  2.1
Maces & Flails | 1 2 |  2.1
Polearms       | 1 2 |  2.1
Staves         | 1 2 |  2.1
Slings         | 1 2 |  2.1
Bows           | 1 2 |  2.1
Crossbows      | 1 2 |  2.1
Throwing       | 1 2 |  2.1
Stealth        | 1 2 |  2.1
Shields        | 1 2 |  2.1
Unarmed Combat | 1 2 |  2.1
Spellcasting   | 1 2 |  2.1
Evocations     | 1 2 |  2.1
Conjurations   | 1 |  1.6
Hexes          | 1 |  1.6
Summonings     | 1 |  1.6
Necromancy     | 1 |  1.6
Translocations | 1 |  1.6
Transmutations | 1 |  1.6
Fire Magic     | 1 |  1.6
Ice Magic      | 1 |  1.6
Air Magic      | 1 |  1.6
Earth Magic    | 1 |  1.6
Poison Magic   | 1 |  1.6
Dodging        | 3 |  3.3
Invocations    | 5 |  5.1
Axes           | 5 |  5.0
Armour         | 5 |  5.0
Fighting       | |  6.9

Action                   |  1- 3 |  4- 6 || total
-------------------------+-------+-------++-------
Melee: Hand axe          |   124 |   201 ||   325
       Bite              |     8 |    17 ||    25
       Punch             |       |     1 ||     1
Invok: Depart the Abyss  |     1 |       ||     1
  Use: Scroll            |     4 |     6 ||    10
       Potion            |     1 |     5 ||     6
 Stab: Invisible         |       |     4 ||     4
Armor: Chain mail        |    85 |   153 ||   238
       Skin              |       |    48 ||    48
Dodge: Dodged            |    38 |    90 ||   128

Table legend: (Time is in decaauts)
 A = Elapsed time spent in this place.
 B = Non-inter-level travel time spent in this place.
 C = Inter-level travel time spent in this place.
 D = Time resting spent in this place.
 E = Time spent auto-exploring this place.
 F = Levels seen in this place.
 G = Mean time per level.
                   A        B        C        D        E       F      G
               +--------+--------+--------+--------+--------+-----+--------+
         Total |   4237 |   4211 |     26 |      0 |   3324 |   7 |  605.3 |
       Dungeon |   4034 |   4008 |     26 |      0 |   3194 |   4 | 1008.5 |
         Abyss |    202 |    202 |      0 |      0 |    130 |   3 |   67.3 |
               +--------+--------+--------+--------+--------+-----+--------+

Top non-repeatable levels by time:
     D:3: 1373 daAuts
     D:1: 1105 daAuts
     D:2: 966 daAuts
     D:4: 589 daAuts
 Abyss:1: 131 daAuts
 Abyss:2: 55 daAuts
 Abyss:3: 15 daAuts
